 Dungeon Crawl Stone Soup version 0.21-a0-440-g28109cb (webtiles) character file.

203 Heskey the Skirmisher (level 5, -24/51 HPs)
             Began as a Naga Gladiator on Nov 10, 2017.
             Killed from afar by Ijyb (25 damage)
             ... with a wand of lightning (?/15)
             ... on level 5 of the Dungeon.
             The game lasted 00:04:57 (3325 turns).

Heskey the Skirmisher (Naga Gladiator)              Turns: 3325, Time: 00:04:58

Health: -24/51     AC:  7    Str: 17    XL:     5   Next: 81%
Magic:  5/5        EV:  5    Int:  9    God:
Gold:   183        SH:  0    Dex: 12    Spells: 4/4 levels left

rFire    . . .     SeeInvis +   a - +0 trident
rCold    . . .     Gourm    .   (no shield)
rNeg     . . .     Faith    .   e - +0 chain mail
rPois    +         Spirit   .   c - +0 helmet
rElec    .         Reflect  .   (no cloak)
rCorr    .         Harm     .   (no gloves)
MR       .....                  (no barding)
Stlth    ..........             (no amulet)
HPRegen  0.17/turn              r - ring of stealth
MPRegen  0.09/turn              (no ring)

@: short of breath, very slow
A: see invisible, deformed body, poison resistance, slowness 2, slow metabolism
1, spit poison 1, AC +1
a: Spit Poison


You were on level 5 of the Dungeon.
You were not hungry.

You visited 1 branch of the dungeon, and saw 5 of its levels.

You collected 183 gold pieces.

Inventory:

Hand Weapons
 a - a +0 trident (weapon)
Missiles
 d - 3 throwing nets (quivered)
Armour
 c - a +0 helmet (worn)
 e - a +0 chain mail (worn)
Jewellery
 r - a ring of stealth (left hand)
Scrolls
 g - 2 scrolls of identify
 h - a scroll of amnesia
 j - 3 scrolls of blinking
 l - a scroll of remove curse
 o - 4 scrolls of teleportation {unknown}
 p - a scroll of immolation {unknown}
Potions
 m - 2 potions of heal wounds {unknown}
 n - a potion of degeneration {unknown}
 q - 2 potions of lignification {unknown}
Comestibles
 f - a bread ration
 i - 4 royal jellies
 k - a meat ration


   Skills:
 * Level 4.3 Fighting
 + Level 4.0 Polearms
 - Level 1.7 Throwing
 + Level 2.0 Armour
 - Level 2.4 Dodging


You had 4 spell levels left.
You didn't know any spells.

Dungeon Overview and Level Annotations

Branches:
Dungeon (4/15)
 Temple: D:4-7

Altars:

Annotations:
D:2 Robin, Terence
D:5 Ijyb


Innate Abilities, Weirdness & Mutations

You cannot wear boots.
Your serpentine skin is tough. (AC +1)
You have supernaturally acute eyesight. (SInv)
Armour fits poorly on your strangely shaped body.
Your system is resistant to poisons. (rPois)
You cover ground very slowly.
You have a slow metabolism.
You can spit poison.


Message History

It is a wand of lightning (?/15).
A howler monkey zombie comes into view.
Ijyb zaps a wand.
The bolt of lightning hits you!
Press: ? - help, Shift-Dir - straight line, f - Ijyb
Aim: Ijyb, wielding a dagger, wearing a leather armour and carrying a wand of lightning (?/15) {zapped: 2} The splash of poison hits Ijyb.
Ijyb appears unharmed.
You feel slightly more hungry. Ijyb screams, "Me stronger than you!"
Ijyb hits you but does no damage. Ijyb barely misses you.
You hit Ijyb.
Ijyb is moderately wounded.
Ijyb zaps a wand.
The bolt of lightning hits you!
* * * LOW HITPOINT WARNING * * *
The bolt of lightning hits you!
* * * LOW HITPOINT WARNING * * *
You closely miss Ijyb.
Ijyb is moderately wounded.
Ijyb zaps a wand.
The bolt of lightning misses you. The bolt of lightning hits you!
You die...

....<..) #......
#.....# #.....+
#.gZ..#+#..
#.........#
#...%......
########.###....#
#..@g...## ..#
#.#####.# . #.#
#.###. ###.#
#..... #...# #...
# #.#.#####.##.#
#.#.......##.###
#.#............
#.#####.##.#.##


You could see Ijyb.

Vanquished Creatures
  A hound (D:4)
  2 worker ants
  5 adders
  2 oozes
  A worm (D:4)
  2 leopard geckos
  5 orcs (D:3)
  A ball python (D:1)
  4 giant cockroaches
  8 goblins
  4 hobgoblins
  4 jackals (D:2)
  A quokka (D:3)
  5 bats
  3 frilled lizards
  8 kobolds
  11 rats
67 creatures vanquished.

Notes
Turn   | Place    | Note
-------+----------+-------------------------------------------
     0 | D:1      | Heskey the Naga Gladiator began the quest for the Orb.
     0 | D:1      | Reached XP level 1. HP: 19/19 MP: 1/1
    63 | D:1      | Reached XP level 2. HP: 23/27 MP: 2/2
   364 | D:1      | Reached XP level 3. HP: 30/33 MP: 3/3
   732 | D:2      | Reached skill level 1 in Armour
   915 | D:2      | Noticed Robin
   916 | D:2      | Noticed Terence
  1232 | D:3      | Reached XP level 4. HP: 12/42 MP: 4/4
  1955 | D:3      | Reached XP level 5. HP: 38/50 MP: 5/5
  3290 | D:4      | You fall through a shaft!
  3290 | D:5      | Entered Level 5 of the Dungeon
  3313 | D:5      | Noticed Ijyb
  3324 | D:5      | HP: 1/51 [Ijyb/wand of lightning (?/15) (10)]
  3325 | D:5      | Killed from afar by Ijyb

Vault maps used:
D:1:      dpeg_arrival_arbitrary_a
D:2:      first_bread, uniq_terence, uniq_robin
D:4:      lemuel_coloured_pillars_altar
D:5:      kennysheep_six_static_rooms, bloody_makhleb,
          nemelex_xobeh_ov_fountains_minmay, kennysheep_mini_moat,
          minmay_temple_entry_mist, uniq_ijyb

Skill      XL: |  1  2  3  4  5 |
---------------+----------------+-----
Fighting       | 3 4 |  4.3
Armour         | 1 2 |  2.0
Polearms       | 4 |  4.0
Throwing       | |  1.7
Dodging        | |  2.4

Action                   |  1- 3 |  4- 6 || total
-------------------------+-------+-------++-------
Melee: Trident           |   166 |   124 ||   290
 Abil: Spit Poison       |       |     3 ||     3
  Use: Scroll            |     3 |       ||     3
       Potion            |     2 |     1 ||     3
  Eat: Chunk             |     1 |     5 ||     6
Armor: Chain mail        |   117 |    67 ||   184
Dodge: Dodged            |    64 |    30 ||    94

Table legend:
 A = Spawn XP
 B = Non-spawn XP
 C = Spawn XP percentage of total XP
 D = Spawn monster count
 E = Non-spawn monster count
 F = Spawn count percentage of total count
 G = Total turns spent on level
                    A         B        C        D         E        F      G
               +---------+---------+-------+---------+---------+-------+---------
         Total |       0 |     291 |   0.0 |       0 |      67 |   0.0 |  3325
               +---------+---------+-------+---------+---------+-------+---------
           D:1 |       0 |      43 |   0.0 |       0 |      23 |   0.0 |   706
           D:2 |       0 |      34 |   0.0 |       0 |      13 |   0.0 |   257
           D:3 |       0 |     130 |   0.0 |       0 |      27 |   0.0 |  1712
           D:4 |       0 |      84 |   0.0 |       0 |       4 |   0.0 |   615
               +---------+---------+-------+---------+---------+-------+---------
